 Dungeon Crawl Stone Soup version 0.31.0-12-g77e489cdc1 (webtiles) character file.

Game seed: 17590056958426683776

31791 Curundu the Severer (level 13, -7/174 HPs)
             Began as a Minotaur Berserker on Feb 21, 2024.
             Was an Elder of Trog.
             Mangled by Rupert
             ... wielding a +0 heavy battleaxe
              (33 damage)
             ... on level 14 of the Dungeon.
             The game lasted 00:52:11 (13071 turns).

Curundu the Severer (Minotaur Berserker)           Turns: 13071, Time: 00:52:12

Health: -7/174     AC: 30    Str: 27    XL:     13   Next: 27%
Magic:  12/12      EV: 10    Int:  4    God:    Trog [****..]
Gold:   1154       SH:  0    Dex: 10    Spells: 12/12 levels left

rFire   . . .        E - +5 scimitar (flame)
rCold   + + .        (no shield)
rNeg    . . .        s - +7 plate armour {rC+}
rPois   .            p - +1 hat
rElec   .            r - +2 cloak
rCorr   .            (no gloves)
SInv    .            x - +1 pair of boots
Will    +++..        g - amulet of regeneration Stlth
                     t - ring of willpower
HPRegen 2.29/turn    z - ring of protection from cold
MPRegen 0.13/turn

%: no passive effects
@: berserking (expiring), lethally poisoned (-7 -> -7), strong-willed,
regenerating, very quick
A: horns 2, retaliatory headbutt
a: Renounce Religion, Berserk, Trog's Hand, Brothers in Arms


You were on level 14 of the Dungeon.
You worshipped Trog.
Trog was greatly pleased with you.
You visited 2 branches of the dungeon, and saw 15 of its levels.

You collected 1154 gold pieces.

Inventory:

Hand Weapons
 n - the +7 battleaxe of Chance {freeze, Fly rElec rN+}
   (You acquired it on level 8 of the Dungeon)

   rElec:     It insulates you from electricity.
   rN+:       It protects you from negative energy.
   Fly:       It grants you flight.
 y - the +6 hand axe of Sukion {drain, Int+3}
   (You found it on level 10 of the Dungeon)

   Int+3:     It affects your intelligence (+3).
 E - a +5 scimitar of flaming (weapon)
Missiles
 k - 3 throwing nets (quivered)
 w - 6 javelins
Armour
 p - a +1 hat (worn)
 r - a +2 cloak (worn)
 s - a +7 plate armour of cold resistance (worn)
 x - a +1 pair of boots (worn)
Jewellery
 g - an amulet of regeneration (around neck)
 t - a ring of willpower (left hand)
 z - a ring of protection from cold (right hand)
Wands
 b - a wand of flame (58)
 c - a wand of mindburst (20)
 d - a wand of light (3)
 u - a wand of paralysis (13)
 A - a wand of iceblast (11)
Scrolls
 e - 2 scrolls of identify
 h - 9 scrolls of teleportation
 l - 2 scrolls of fear
 D - a scroll of revelation
Potions
 a - 6 potions of curing
 f - a potion of invisibility {unknown}
 i - 2 potions of heal wounds
 j - 2 potions of lignification
 m - 2 potions of enlightenment
 o - a potion of haste
 q - a potion of mutation
 v - 2 potions of berserk rage


   Skills:
 + Level 11.5 Fighting
 * Level 16.0(16.2) Axes
 - Level 4.1(11.2) Maces & Flails
 * Level 14.1 Armour
 * Level 9.0 Dodging
 - Level 1.1 Stealth
 * Level 8.8 Shields


You had 12 spell levels left.
You didn't know any spells.
Your spell library was empty.

Dungeon Overview and Level Annotations

Branches:
Dungeon (14/15)            Temple (1/1) D:5            Lair (0/5) D:9
    Orc (0/2) D:12
 Vaults: D:13-14

Altars:
Ashenzari
Cheibriados
Dithmenos
Elyvilon
Fedhas
Gozag
Hepliaklqana
Kikubaaqudgha
Makhleb
Nemelex Xobeh
Okawaru
Qazlal
Ru
Sif Muna
Trog
Uskayaw
Vehumet
Wu Jian
Xom
Yredelemnul
Zin
The Shining One

Shops:
D:1 :   D:2 (   D:5 :   D:11 :

Annotations:
D:10 3 runed translucent doors, LoggersVIII's ghost, journeyman OpEE
D:14 Roxanne; Rupert


Innate Abilities, Weirdness & Mutations

You have a pair of horns on your head.
You reflexively headbutt those who attack you in melee.


Message History

The black mamba barely misses you.
You slash Rupert! You burn Rupert. Your headbutt misses Rupert.
You punch Rupert.
Rupert is moderately wounded.
Rupert hits you but does no damage.
The black mamba bites you but does no damage.
You slice Rupert!! You burn Rupert.
Rupert is heavily wounded.
The black mamba bites you.
You are poisoned.
The black mamba poisons you! The black mamba bites you.
You barely miss Rupert.
Rupert is heavily wounded.
You feel very sick. The black mamba completely misses you.
Rupert hits you with a +0 heavy battleaxe!!
* * * LOW HITPOINT WARNING * * *
The black mamba closely misses you.
You closely miss Rupert.
Rupert is heavily wounded.
You feel very sick.
The black mamba bites you but does no damage.
Rupert hits you but does no damage.
You slice Rupert!! You burn Rupert.
Rupert is severely wounded.
You feel sick.
The black mamba bites you but does no damage. x2
You hit Rupert. You burn Rupert. Your punch misses Rupert.
Rupert is severely wounded.
You feel sick. The black mamba bites you.
* * * LOW HITPOINT WARNING * * *
Rupert roars madly and goes into a rage!
Rupert goes berserk!
The black mamba bites you but does no damage.
You slash Rupert! You burn Rupert. You headbutt Rupert, but do no damage.
Rupert is severely wounded.
You feel sick.
Rupert hits you with a +0 heavy battleaxe!!
You die...
Rupert roars with triumph.

. #### ..#...###
......#.## .........#
.........# ......@@.#
#.......S# #.......##
........# ###...... .#
....... #.........#
............##.###..#...
...........#
......##.... .........
##....##.....


You could see Rupert (berserk) and a black mamba.

Vanquished Creatures
  Azrael (D:12)
  Harold (D:9)
  A hydra (D:14)
  4 centaur warriors
  5 two-headed ogres
  A catoblepas (D:13)
  A tengu warrior (D:8)
  5 skeletal warriors (D:13)
  Pikel (D:4)
  3 ugly things (D:10)
  Maurice (D:8)
  5 cyclopes
  A manticore (D:13)
  3 meliai (D:14)
  An ice statue (D:14)
  Maggie (D:6)
  A gargoyle (D:12)
  2 unseen horrors (D:13)
  2 komodo dragons
  Jeremiah (D:8)
  2 kobold demonologists (D:10)
  A rime drake (D:9)
  2 efreet (D:13)
  5 trolls
  Prince Ribbit (D:6)
  Sigmund (D:2)
  2 wraiths (D:11)
  A shadow (D:12)
  A vampire (D:12)
  A wyvern (D:8)
  A basilisk (D:13)
  5 fire elementals (D:12)
  A fire bat (D:5)
  15 yaks
  Grum (D:9)
  3 steam dragons (D:8)
  A warg (D:12)
  3 vampire mosquitoes
  Menkaure (D:6)
  Edmund (D:6)
  2 acid dragons
  A hell hound (D:12)
  Duvessa (D:4)
  5 orc warriors
  4 ice beasts
  2 sky beasts
  6 centaurs
  A black bear (D:5)
  5 wolves (D:9)
  3 phantoms
  A kobold brigand (D:10)
  2 bullfrogs
  Blork the orc (D:6)
  A gnoll sergeant (D:10)
  2 scorpions (D:5)
  13 wights
  Dowan (D:4)
  8 killer bees
  5 howler monkeys
  Crazy Yiuf (D:2)
  3 bombardier beetles
  4 orc priests
  7 hounds
  5 jellies
  2 sleepcaps (D:5)
  2 iguanas
  Ijyb (D:4)
  12 orc wizards
  7 gnolls
  10 adders
  An adder (shapeshifter) (D:8)
  5 shadow imps
  A white imp (D:5)
  4 dart slugs
  A ribbon worm (D:3)
  37 orcs
  4 ball pythons
  3 bats
  7 endoplasms
  5 giant cockroaches
  6 goblins
  9 hobgoblins
  7 jackals
  4 quokkas
  3 frilled lizards
  13 kobolds
  11 rats
329 creatures vanquished.

Notes
Turn   | Place    | Note
-------+----------+-------------------------------------------
     0 | D:1      | Curundu the Minotaur Berserker began the quest for the Orb.
     0 | D:1      | Reached XP level 1. HP: 19/19 MP: 0/0
    79 | D:1      | Found a faded altar of an unknown god.
   127 | D:1      | Reached skill level 4 in Axes
   127 | D:1      | Reached XP level 2. HP: 23/27 MP: 1/1
   426 | D:1      | Found Osarerph's Book Emporium.
   815 | D:2      | Reached XP level 3. HP: 30/33 MP: 2/2
   853 | D:2      | Found Ykaschyri's Weapon Shoppe.
   901 | D:2      | Reached ** piety under Trog
  1052 | D:2      | Noticed Sigmund
  1069 | D:2      | Killed Sigmund
  1070 | D:2      | Reached skill level 5 in Fighting
  1070 | D:2      | Reached skill level 5 in Axes
  1070 | D:2      | Reached XP level 4. HP: 11/42 MP: 3/3
  1070 | D:2      | Reached XP level 5. HP: 13/48 MP: 4/4
  1436 | D:2      | Reached skill level 6 in Axes
  1495 | D:2      | Found a runed translucent door.
  1496 | D:2      | Noticed Crazy Yiuf
  2060 | D:2      | Killed Crazy Yiuf
  2061 | D:2      | Reached XP level 6. HP: 45/56 MP: 5/5
  2207 | D:3      | Found a hazy altar of Hepliaklqana.
  2216 | D:3      | Found a shimmering blue altar of Sif Muna.
  2220 | D:3      | Found a snail-covered altar of Cheibriados.
  2220 | D:3      | Found a blossoming altar of Fedhas.
  2263 | D:3      | Found an opulent altar of Gozag.
  2264 | D:3      | Found a stormy altar of Qazlal.
  2530 | D:3      | Found an iron altar of Okawaru.
  3086 | D:4      | Noticed Pikel
  3098 | D:4      | Killed Pikel
  3099 | D:4      | Reached skill level 1 in Stealth
  3099 | D:4      | Reached XP level 7. HP: 27/64 MP: 6/6
  3342 | D:4      | Noticed Duvessa
  3342 | D:4      | Noticed Dowan
  3357 | D:4      | Killed Duvessa
  3358 | D:4      | Reached skill level 1 in Shields
  3359 | D:4      | Killed Dowan
  3431 | D:4      | Reached XP level 8. HP: 68/71 MP: 7/7
  3467 | D:4      | Reached skill level 7 in Axes
  3555 | D:4      | Found a glowing golden altar of the Shining One.
  3661 | D:4      | Noticed Ijyb
  3670 | D:4      | Killed Ijyb
  3847 | D:5      | Entered Level 5 of the Dungeon
  3847 | D:5      | Found Cobraupa's Vocational Training.
  3864 | D:5      | Found a staircase to the Ecumenical Temple.
  3887 | D:5      | Reached skill level 5 in Armour
  3889 | Temple   | Entered the Ecumenical Temple
  4138 | D:5      | Reached *** piety under Trog
  4507 | D:5      | Found a shimmering altar of Xom.
  4518 | D:5      | Reached skill level 5 in Dodging
  4654 | D:5      | Reached XP level 9. HP: 72/80 MP: 8/8
  4988 | D:6      | Noticed Menkaure
  4996 | D:6      | Killed Menkaure
  5324 | D:6      | Found a sparkling altar of Nemelex Xobeh.
  5344 | D:6      | Noticed Maggie
  5361 | D:6      | Killed Maggie
  5362 | D:6      | Reached skill level 8 in Axes
  5480 | D:6      | Found a sacrificial altar of Ru.
  5585 | D:6      | Noticed Blork the orc
  5599 | D:6      | Killed Blork the orc
  5725 | D:6      | Noticed Edmund
  5736 | D:6      | Killed Edmund
  5802 | D:6      | Noticed Prince Ribbit
  5814 | D:6      | Killed Prince Ribbit
  6421 | D:7      | Reached XP level 10. HP: 76/90 MP: 9/9
  6678 | D:8      | Noticed Jeremiah
  6691 | D:8      | Reached skill level 5 in Shields
  7034 | D:8      | Killed Jeremiah
  7035 | D:8      | Reached skill level 10 in Armour
  7511 | D:8      | Noticed Maurice
  7519 | D:8      | Maurice stole a ring of ice
  7520 | D:8      | Maurice stole 428 gold
  7522 | D:8      | Maurice stole 2 javelins
  7524 | D:8      | Maurice stole a +0 war axe
  7530 | D:8      | Killed Maurice
  7531 | D:8      | Reached skill level 9 in Axes
  7610 | D:8      | Identified a scroll of acquirement
  7610 | D:8      | Acquired the +7 battleaxe of Chance {freeze, Fly rElec rN+}
  7627 | D:8      | Noticed a cyclops
  7632 | D:8      | Killed a cyclops
  7962 | D:8      | Noticed a centaur warrior
  7967 | D:8      | Killed a centaur warrior
  8069 | D:8      | Noticed a cyclops
  8069 | D:8      | Noticed a centaur warrior
  8071 | D:8      | Killed a centaur warrior
  8071 | D:8      | Reached **** piety under Trog
  8071 | D:8      | Noticed a tengu warrior
  8072 | D:8      | Reached XP level 11. HP: 90/99 MP: 10/10
  8072 | D:8      | Noticed a two-headed ogre
  8077 | D:8      | Killed a tengu warrior
  8078 | D:8      | Reached skill level 10 in Axes
  8080 | D:8      | Reached skill level 10 in Fighting
  8080 | D:8      | Killed a two-headed ogre
  8796 | D:9      | Reached skill level 11 in Axes
  8799 | D:9      | Noticed Harold
  8821 | D:9      | Killed Harold
  8843 | D:9      | Noticed a two-headed ogre
  8844 | D:9      | Found a staircase to the Lair.
  8850 | D:9      | Killed a two-headed ogre
  8851 | D:9      | Reached skill level 12 in Axes
  8956 | D:9      | Noticed Grum
  8961 | D:9      | Killed Grum
  9502 | D:10     | Entered Level 10 of the Dungeon
  9697 | D:10     | Identified the +6 hand axe of Sukion {drain, Int+3}
  9760 | D:10     | Found a runed translucent gate.
  9760 | D:10     | Found a runed translucent gate.
  9760 | D:10     | Noticed a green ugly thing
  9763 | D:10     | Found a runed translucent gate.
  9763 | D:10     | Noticed a white ugly thing
  9764 | D:10     | Noticed a purple ugly thing
  9778 | D:10     | Killed a white ugly thing
  9780 | D:10     | Killed a white ugly thing
  9781 | D:10     | Reached XP level 12. HP: 107/107 MP: 11/11
  9785 | D:10     | Reached skill level 13 in Axes
  9794 | D:10     | Found a runed translucent gate.
  9794 | D:10     | Found a runed translucent gate.
  9796 | D:10     | Found a runed translucent gate.
  9802 | D:10     | Noticed LoggersVIII's ghost (journeyman OpEE)
 10683 | D:11     | Found Ydghij's Self-Improvement Boutique.
 10865 | D:12     | Noticed a two-headed ogre
 10876 | D:12     | Killed a two-headed ogre
 10911 | D:12     | Found a staircase to the Orcish Mines.
 10970 | D:12     | Noticed Azrael
 10982 | D:12     | Killed Azrael
 10983 | D:12     | Reached skill level 14 in Axes
 11151 | D:12     | Reached ***** piety under Trog
 11582 | D:13     | Noticed a catoblepas
 11588 | D:13     | Killed a catoblepas
 11681 | D:13     | Noticed a centaur warrior
 11689 | D:13     | Killed a centaur warrior
 11819 | D:13     | Noticed a two-headed ogre
 11827 | D:13     | Killed a two-headed ogre
 11828 | D:13     | Reached skill level 15 in Axes
 11924 | D:13     | Noticed a two-headed ogre
 11930 | D:13     | Killed a two-headed ogre
 12283 | D:13     | Reached XP level 13. HP: 116/116 MP: 12/12
 12914 | D:14     | Reached skill level 16 in Axes
 12944 | D:14     | Found an ornate altar of the Wu Jian Council.
 13048 | D:14     | Noticed Roxanne
 13062 | D:14     | Noticed Rupert
 13071 | D:14     | Mangled by Rupert

Illustrated notes

Levels and vault maps discovered:
D:1:      psy_arrival_whirlpool, layout_basic, serial_shops,
          nicolae_shop_real_fake_doors, hellmonk_ecumenical_altar_arch_garden,
          hangedman_decor_growths, minivault_26
D:2:      minmay_general_purpose_star, layout_loops_corners, serial_shops,
          nicolae_shop_back_alley_shop, uniq_crazy_yiuf_cottage, uniq_sigmund
D:3:      layout_basic, grunt_temple_overflow_open, okawaru_trees_2
D:4:      layout_loops_cross, tso_metal_star, minmay_misc_feat_secret_circle,
          uniq_duvessa, uniq_ijyb, uniq_pikel
D:5:      minmay_diamond_boxcup, layout_basic, regret_index_xom_of_box,
          minmay_temple_entry_tees, nicolae_shop_vocational
D:6:      layout_basic, nemelex_altar_shiori, mainiacjoe_overflow_alcove_2,
          uniq_blork_the_orc, uniq_edmund, uniq_prince_ribbit1, uniq_menkaure,
          uniq_maggie
D:7:      layout_basic, kennysheep_generic_room_4
D:8:      minmay_the_grid_plus [minmay_the_grid_dragon_b,
          minmay_the_grid_outer_diamond, minmay_the_grid_paths,
          minmay_the_grid_rooms, minmay_the_grid_prize_four_corners],
          layout_rooms, uniq_maurice, uniq_jeremiah
D:9:      layout_loops_ring, hellmonk_lair_entry_icy, uniq_grum, uniq_harold
D:10:     layout_roguey, ploomutoo_gammafunk_ghost_potion_laboratory
D:11:     layout_roguey, nicolae_shop_self_help
D:12:     layout_cave_pools, david_orc_3, serial_column_ruins, column_ruins_hut,
          column_ruins_hut, column_ruins_corridor_straight,
          column_ruins_corridor_straight, column_ruins_corridor_corner,
          chequers_jeans, uniq_azrael
D:13:     layout_grid_maze, minmay_misc_feat_nine_boxes
D:14:     layout_cave_pools, hellmonk_vaults_order_and_chaos,
          nicolae_wu_jian_wuxing_cycle, minivault_10, minivault_16,
          uniq_roxanne, uniq_rupert
Temple:   chequers_temple_sunken

Skill      XL: |  1  2  3  4  5  6  7  8  9 10 11 12 13 |
---------------+----------------------------------------+-----
Axes           | 4 5 6 7 8 9 12 15 16 | 16.0
Fighting       | 4 5 6 7 8 9 10 11 | 11.5
Armour         | 3 4 6 9 12 13 14 | 14.1
Dodging        | 3 4 5 6 7 8 9 |  9.0
Maces & Flails | 4 |  4.1
Stealth        | 1 |  1.1
Shields        | 1 3 4 6 7 8 |  8.8

Action                     |  1- 3 |  4- 6 |  7- 9 | 10-12 | 13-15 || total
---------------------------+-------+-------+-------+-------+-------++-------
  Melee: Hand axe          |    66 |    27 |       |       |       ||    93
         Headbutt          |     9 |    11 |    46 |    71 |    10 ||   147
         Punch             |     1 |     2 |       |     1 |     1 ||     5
         Mace              |       |    46 |   233 |    95 |       ||   374
         Battleaxe         |       |       |       |   290 |    35 ||   325
         Scimitar          |       |       |       |       |    21 ||    21
 Invoke: Berserk           |     1 |     2 |     2 |     5 |     1 ||    11
         Trog's Hand       |       |     1 |     7 |    14 |     2 ||    24
    Use: Scroll            |       |       |    12 |    17 |     1 ||    30
 Armour: Animal skin       |    38 |    22 |       |       |       ||    60
         Plate armour      |       |    50 |   309 |   429 |   116 ||   904
  Dodge: Dodged            |    42 |    59 |   144 |   198 |    40 ||   483
